 Dungeon Crawl Stone Soup version 0.30-a0-219-gf2db51d15e (webtiles) character file.

Game seed: 15613569683315910643

13 Iusername the Cutter (level 2, 22/23 HPs)
             Began as a Gnoll Wanderer on Oct 6, 2022.
             Quit the game on level 1 of the Dungeon.
             The game lasted 00:01:21 (121 turns).

Iusername the Cutter (Gnoll Wanderer)                Turns: 121, Time: 00:01:22

Health: 22/23      AC:  2    Str:  8    XL:     2   Next: 37%
Magic:  6/7        EV: 11    Int: 13    God:
Gold:   0          SH:  0    Dex: 12    Spells: 9/10 levels left

rFire   . . .      SeeInvis .    a - +2 short sword
rCold   . . .      Faith    .    (no shield)
rNeg    . . .      Spirit   .    e - +0 robe
rPois   .          Reflect  .    (no helmet)
rElec   .          Harm     .    (no cloak)
rCorr   .          Rampage  .    (no gloves)
Will    .....                    (no boots)
Stlth   +.........               (no amulet)
HPRegen 0.23/turn                (no ring)
MPRegen 0.10/turn                (no ring)

@: no status effects
A: fangs 1, strong nose, distributed training
a: no special abilities


You were on level 1 of the Dungeon.
You visited 1 branch of the dungeon, and saw 1 of its levels.

Inventory:

Hand Weapons
 a - a +2 short sword (weapon)
Missiles
 b - 12 poisoned darts (quivered)
Armour
 e - a +0 robe (worn)
Potions
 d - 2 potions of curing


   Skills:
 + Level 2.5 Fighting
 + Level 6.5 Short Blades
 + Level 0.4 Long Blades
 + Level 0.4 Axes
 + Level 0.4 Maces & Flails
 + Level 0.4 Polearms
 + Level 0.4 Staves
 + Level 0.4 Ranged Weapons
 + Level 4.5 Throwing
 + Level 2.5 Armour
 + Level 0.4 Dodging
 + Level 0.4 Stealth
 + Level 0.4 Shields
 + Level 0.4 Unarmed Combat
 + Level 4.9 Spellcasting
 + Level 0.2 Conjurations
 + Level 0.2 Hexes
 + Level 0.2 Summonings
 + Level 0.2 Necromancy
 + Level 0.2 Translocations
 + Level 0.2 Transmutations
 + Level 2.0 Fire Magic
 + Level 0.2 Ice Magic
 + Level 0.2 Air Magic
 + Level 0.2 Earth Magic
 + Level 0.2 Poison Magic
 + Level 0.5 Invocations
 + Level 0.4 Evocations


You had 9 spell levels left.
You knew the following spells:

 Your Spells              Type           Power      Damage    Failure   Level
a - Foxfire               Conj/Fire      24%        2x1d5     12%         1

Your spell library contained the following spells:

 Spells                   Type           Power      Damage    Failure   Level
 Shock                    Conj/Air       12%        1d3       17%         1
 Inner Flame              Hex/Fire       6%         N/A       34%         3
 Swiftness                Air            3%         N/A       45%         3
 Airstrike                Air            1%         2d(1-17)  86%         4


Dungeon Overview and Level Annotations

Branches:
Dungeon (1/15)

Altars:


Innate Abilities, Weirdness & Mutations

You have very sharp teeth.
Your uncanny sense of smell can sniff out nearby items.
Your experience applies equally to all skills.


Message History

You kill the kobold!
Found 17 gold pieces.
The goblin barely misses you.
Things that are here:
a +0 dagger; 2 stones; a kobold corpse You puncture the goblin!
You kill the goblin!
A bat comes into view.
Found 18 gold pieces and 6 boomerangs.
You see here a +0 club.
You closely miss the giant cockroach. The bat hits you but does no damage.
The giant cockroach barely misses you.
You hit the giant cockroach.
The giant cockroach is almost dead.
The bat closely misses you.
You hit the giant cockroach but do no damage.
You bite the giant cockroach, but do no damage.
The giant cockroach is almost dead.
The giant cockroach bites you. The bat barely misses you.
You hit the giant cockroach.
You kill the giant cockroach!
The bat barely misses you. The bat hits you but does no damage.
You miss the bat. The bat barely misses you. The bat closely misses you.
The bat barely misses you. The bat hits you. The bat hits you.
The bat hits you but does no damage.
You closely miss the bat. The bat barely misses you.
A bat is nearby!
The bat misses you.
You closely miss the bat. The bat hits you but does no damage.
The bat misses you. The bat hits you.
You miss the bat. The bat hits you but does no damage.
The bat hits you but does no damage.
You hit the bat.
You kill the bat!
You see here a bat corpse.
You see here a staff of death.
Are you sure you want to abandon this character and quit the game? (Confirm with "yes".)

# #............
###.#.#.##..........♣...#
...............>....P...#
.......###...†.........#
.§...... +.............#
.......# #.............#
.....?.# #.............#
.......###.............#
.........))....|@......#
.......####........#####
.......# #.$......#
.......# #........#
.......# #......$.#
######## #..(.$...# ##
#......$.# .# #####+####
.#


There were no monsters in sight!

Vanquished Creatures
  A dart slug (D:1)
  A ball python (D:1)
  A bat (D:1)
  A giant cockroach (D:1)
  A goblin (D:1)
  A hobgoblin (D:1)
  A kobold (D:1)
  A quokka (D:1)
  A frilled lizard (D:1)
9 creatures vanquished.

Vanquished Creatures (others)
  3 foxfires (D:1)
3 creatures vanquished.

Grand Total: 12 creatures vanquished

Notes
Turn   | Place    | Note
-------+----------+-------------------------------------------
     0 | D:1      | Iusername the Gnoll Wanderer began the quest for the Orb.
     0 | D:1      | Iusername set off with the following items: a +2 short
                  | sword, 12 poisoned darts, a +0 dagger, a potion of curing,
                  | a +0 robe; and the following spell memorised: Foxfire; and
                  | the following spells available to memorise: Inner Flame.
     0 | D:1      | Reached XP level 1. HP: 17/17 MP: 6/6
    83 | D:1      | Reached XP level 2. HP: 23/23 MP: 5/7
   121 | D:1      | Quit the game

Illustrated notes

Levels and vault maps discovered:
D:1:      dpeg_arrival_shrine, layout_basic, serial_shops, shop,
          hex_intersection, serial_park_tiny_1

Skill      XL: |  1 |
---------------+----+-----
Fire Magic     | 2 |  2.0
Fighting       | |  2.5
Short Blades   | |  6.5
Long Blades    | |  0.4
Axes           | |  0.4
Maces & Flails | |  0.4
Polearms       | |  0.4
Staves         | |  0.4
Ranged Weapons | |  0.4
Throwing       | |  4.5
Armour         | |  2.5
Dodging        | |  0.4
Stealth        | |  0.4
Shields        | |  0.4
Unarmed Combat | |  0.4
Spellcasting   | |  4.9
Conjurations   | |  0.2
Hexes          | |  0.2
Summonings     | |  0.2
Necromancy     | |  0.2
Translocations | |  0.2
Transmutations | |  0.2
Ice Magic      | |  0.2
Air Magic      | |  0.2
Earth Magic    | |  0.2
Poison Magic   | |  0.2
Invocations    | |  0.5
Evocations     | |  0.4

Action                   || total
-------------------------++-------
Melee: Short sword       ||    28
       Punch             ||     1
       Bite              ||     1
 Cast: Foxfire           ||     3
Armor: Robe              ||     8
Dodge: Dodged            ||    19

Table legend: (Time is in decaauts)
 A = Elapsed time spent in this place.
 B = Non-inter-level travel time spent in this place.
 C = Inter-level travel time spent in this place.
 D = Time resting spent in this place.
 E = Time spent auto-exploring this place.
 F = Levels seen in this place.
 G = Mean time per level.
                   A        B        C        D        E       F      G
               +--------+--------+--------+--------+--------+-----+--------+
         Total |    112 |    112 |      0 |      0 |     51 |   1 |  112.0 |
       Dungeon |    112 |    112 |      0 |      0 |     51 |   1 |  112.0 |
               +--------+--------+--------+--------+--------+-----+--------+

Top non-repeatable levels by time:
     D:1: 112 daAuts
